APP
ELIZABETHTON TWINS @ OREM OWLZ
05/01/2045
 
TOP OF THE 1ST
Elizabethton Twins batting - Pitching for Orem Owlz : RHP Ju-wei Long
Pitching: RHP Ju-wei Long
Batting: RHB Andrew Nicol 0-0: Ball
1-0: SINGLE (Flyball, 9LS, EV 95.6 MPH)
Batting: LHB David Campbell 0-0: Ball
1-0: Ball
2-0: Fly out, F6 (Popup, P, EV 71.9 MPH)
Batting: SHB Dan Morataya 0-0: Foul Ball, location: 2F
0-1: Ball
1-1: Ball
2-1: Swinging Strike
2-2: Foul Ball, location: 2F
2-2: Ball
3-2: Foul Ball, location: 2F
3-2: Fielders Choice at 2nd, 6-4 (Groundball, 6, EV 89.4 MPH)
Batting: RHB Nick Phipps 0-0: Called Strike
0-1: Ball
1-1: SINGLE (Groundball, 6D, EV 103.1 MPH)
Dan Morataya to second
Batting: RHB Jose Gracia 0-0: Ball
1-0: Foul Ball, location: 2F
1-1: Ball
2-1: Fielders Choice at 2nd, 5-4 (Groundball, 5, EV 93.8 MPH)
Top of the 1st over - 0 runs, 2 hits, 0 errors, 2 left on base; Elizabethton 0 - Orem 0
BOTTOM OF THE 1ST
Orem Owlz batting - Pitching for Elizabethton Twins : RHP Jon Hice
Pitching: RHP Jon Hice
Batting: RHB Nick Lombardo 0-0: Ball
1-0: Called Strike
1-1: Called Strike
1-2: Strikes out swinging
Batting: RHB Dan Burkhart 0-0: Called Strike
0-1: Ball
1-1: Called Strike
1-2: Foul Ball, location: 2F
1-2: Strikes out looking
Batting: LHB Matthew Bale 0-0: Called Strike
0-1: Fly out, F7 (Flyball, 7S, EV 95.0 MPH)
Bottom of the 1st over - 0 runs, 0 hits, 0 errors, 0 left on base; Elizabethton 0 - Orem 0
TOP OF THE 2ND
Elizabethton Twins batting - Pitching for Orem Owlz : RHP Ju-wei Long
Batting: RHB Jimmy Mayville 0-0: Ground out U3 (Groundball, 23, EV 90.6 MPH)
Batting: LHB Jose Cotto 0-0: Ball
1-0: Ball
2-0: Ball
3-0: Base on Balls
Batting: RHB Alex Belton 0-0: Swinging Strike
0-1: Ball
1-1: SINGLE (Line Drive, 78S, EV 94.4 MPH)
Jose Cotto to second
Batting: SHB Nate Januchowski 0-0: DOUBLE (Line Drive, 7LS, EV 102.5 MPH)
Jose Cotto scores
Alex Belton to third
Batting: RHB Andrew Nicol 0-0: Called Strike
0-1: Swinging Strike
0-2: Foul Ball, location: 2F
0-2: Strikes out swinging
Batting: LHB David Campbell 0-0: Swinging Strike
0-1: Foul Ball, location: 2F
0-2: Ball
1-2: Foul Ball, location: 2F
1-2: SINGLE (Groundball, 56D, EV 97.5 MPH)
Alex Belton scores
Nate Januchowski to third
Runner from 3rd tries for Home, SAFE, throw by LF to home
Batting: SHB Dan Morataya 0-0: Foul Ball, location: 2F
0-1: Ball
1-1: Swinging Strike
1-2: Strikes out swinging
Top of the 2nd over - 3 runs, 3 hits, 0 errors, 1 left on base; Elizabethton 3 - Orem 0
BOTTOM OF THE 2ND
Orem Owlz batting - Pitching for Elizabethton Twins : RHP Jon Hice
Batting: RHB T.J. Gray 0-0: Called Strike
0-1: Fly out, F8 (Line Drive, 8RM, EV 93.8 MPH)
Batting: LHB Dave Hicks 0-0: Ground out 6-3 (Groundball, 6M, EV 91.2 MPH)
Batting: RHB Wilford Harper 0-0: Called Strike
0-1: Foul Ball, location: 2F
0-2: Foul Ball, location: 2F
0-2: Ball
1-2: Ball
2-2: Ball
3-2: Foul Ball, location: 2F
3-2: Foul Ball, location: 2F
3-2: Base on Balls
Batting: RHB Edward Hillock 0-0: Ball
1-0: Ball
2-0: Ball
3-0: Called Strike
3-1: Base on Balls
Wilford Harper to second
Batting: LHB Mutsuo IIda 0-0: Ball
1-0: Foul Ball, location: 2F
1-1: Fielders Choice at 2nd, U6 (Groundball, 6M, EV 101.9 MPH)
Bottom of the 2nd over - 0 runs, 0 hits, 0 errors, 2 left on base; Elizabethton 3 - Orem 0
TOP OF THE 3RD
Elizabethton Twins batting - Pitching for Orem Owlz : RHP Ju-wei Long
Batting: RHB Nick Phipps 0-0: Called Strike
0-1: Ball
1-1: Ball
2-1: Ball
3-1: Base on Balls
Batting: RHB Jose Gracia 0-0: Ball
Nick Phipps steals 2nd base
1-0: Ball
2-0: Ball
3-0: Called Strike
3-1: Base on Balls
Batting: RHB Jimmy Mayville 0-0: Ball
Jose Gracia steals 2nd base
Nick Phipps steals 3rd base
1-0: Ball
Wild Pitch!
Nick Phipps scores
Jose Gracia to third
2-0: Ball
3-0: Called Strike
3-1: Base on Balls
Batting: LHB Jose Cotto 0-0: Ball
1-0: 3-RUN HOME RUN (Flyball, 9D, EV 99.4 MPH), Distance : 384 ft
Batting: RHB Alex Belton 0-0: Ball
1-0: Ball
2-0: Ball
3-0: Called Strike
3-1: Called Strike
3-2: Foul Ball, location: 2F
3-2: Base on Balls
Batting: SHB Nate Januchowski 0-0: Ball
Wild Pitch!
Alex Belton to second
1-0: Ball
Alex Belton is caught stealing 3rd base 2-5
2-0: Ball
3-0: Called Strike
3-1: Base on Balls
Batting: RHB Andrew Nicol 0-0: Foul Ball, location: 2F
0-1: Ball
1-1: Ball
2-1: Foul Ball, location: 2F
2-2: Ball
3-2: Foul Ball, location: 2F
3-2: Foul Ball, location: 2F
3-2: Base on Balls
Nate Januchowski to second
Batting: LHB David Campbell 0-0: Called Strike
0-1: Ball
1-1: Swinging Strike
1-2: Ball
2-2: Foul Ball, location: 2F
2-2: Foul Ball, location: 2F
2-2: Ball
3-2: Base on Balls
Nate Januchowski to third
Andrew Nicol to second
Batting: SHB Dan Morataya 0-0: Foul Ball, location: 2F
0-1: Ball
1-1: Foul Ball, location: 2F
1-2: GRAND SLAM HOME RUN (Flyball, 9D, EV 99.4 MPH), Distance : 412 ft
Pitching: RHP Kyle Gray
Batting: RHB Nick Phipps 0-0: Ground out 5-3 (Groundball, 56S, EV 87.5 MPH)
Batting: RHB Jose Gracia 0-0: Swinging Strike
0-1: Ball
1-1: Ball
2-1: Ball
3-1: Base on Balls
Batting: RHB Jimmy Mayville 0-0: Called Strike
0-1: Ball
1-1: SINGLE (Line Drive, 34D, EV 104.4 MPH)
Jose Gracia to second
Batting: LHB Jose Cotto 0-0: Called Strike
0-1: Foul Ball, location: 2F
0-2: Ball
1-2: Ball
2-2: Strikes out swinging
Top of the 3rd over - 8 runs, 3 hits, 0 errors, 2 left on base; Elizabethton 11 - Orem 0
BOTTOM OF THE 3RD
Orem Owlz batting - Pitching for Elizabethton Twins : RHP Jon Hice
Batting: RHB Noah Pena 0-0: TRIPLE (Flyball, 89XD, EV 88.8 MPH)
Batting: RHB Nick Lombardo 0-0: Ball
1-0: Ground out 6-3 (Groundball, 6S, EV 87.5 MPH)
Noah Pena scores
Batting: RHB Dan Burkhart 0-0: Ball
1-0: SOLO HOME RUN (Flyball, 9D, EV 95.0 MPH), Distance : 365 ft
Batting: LHB Matthew Bale 0-0: Ball
1-0: Ball
2-0: Ground out 4-3 (Groundball, 4, EV 100.6 MPH)
Batting: RHB T.J. Gray 0-0: Ball
1-0: Called Strike
1-1: Fly out, F8 (Flyball, 8RXD, EV 88.8 MPH)
Bottom of the 3rd over - 2 runs, 2 hits, 0 errors, 0 left on base; Elizabethton 11 - Orem 2
TOP OF THE 4TH
Elizabethton Twins batting - Pitching for Orem Owlz : RHP Kyle Gray
Batting: RHB Alex Belton 0-0: Ball
1-0: Ball
2-0: Called Strike
2-1: Ball
3-1: Base on Balls
Batting: SHB Nate Januchowski 0-0: Ball
1-0: Ball
2-0: Called Strike
2-1: Grounds into double play, 5-4-3 (Groundball, 5, EV 85.0 MPH)
Batting: RHB Andrew Nicol 0-0: Foul Ball, location: 2F
0-1: Ball
1-1: Called Strike
1-2: Ball
2-2: Ball
3-2: Base on Balls
Batting: LHB David Campbell 0-0: Foul Ball, location: 2F
0-1: Ball
1-1: Ball
2-1: Foul Ball, location: 2F
2-2: SINGLE (Line Drive, 8RS, EV 101.2 MPH)
Andrew Nicol to second
Batting: SHB Dan Morataya 0-0: Ball
1-0: Foul Ball, location: 2F
1-1: Foul Ball, location: 2F
1-2: DOUBLE (Line Drive, 9LD, EV 108.1 MPH)
Andrew Nicol scores
David Campbell to third
Runner from 3rd tries for Home, SAFE, throw by RF to trailing runner, SAFE at third!
Batting: RHB Nick Phipps 0-0: Called Strike
0-1: Foul Ball, location: 2F
0-2: Foul Ball, location: 2F
0-2: Foul Ball, location: 2F
0-2: Ball
Wild Pitch!
Dan Morataya scores
1-2: Foul Ball, location: 2F
1-2: SINGLE (Groundball, 56D, EV 100.0 MPH)
Batting: RHB Jose Gracia 0-0: Ball
1-0: Ball
2-0: Foul Ball, location: 2F
2-1: Foul Ball, location: 2F
2-2: Ball
3-2: Base on Balls
Nick Phipps to second
Pitching: RHP Jon Shonka
Batting: RHB Jimmy Mayville 0-0: Ball
1-0: Ball
2-0: Called Strike
2-1: Ball
3-1: Base on Balls
Nick Phipps to third
Jose Gracia to second
Batting: LHB Jose Cotto 0-0: Fly out, F7 (Flyball, 78M, EV 98.8 MPH)
Top of the 4th over - 3 runs, 3 hits, 0 errors, 3 left on base; Elizabethton 14 - Orem 2
BOTTOM OF THE 4TH
Orem Owlz batting - Pitching for Elizabethton Twins : RHP Jon Hice
Batting: LHB Dave Hicks 0-0: Ball
1-0: Ball
2-0: Foul Ball, location: 2F
2-1: Foul Ball, location: 2F
2-2: Fly out, F9 (Flyball, 9, EV 86.2 MPH)
Batting: RHB Wilford Harper 0-0: SOLO HOME RUN (Flyball, 78XD, EV 109.4 MPH), Distance : 430 ft
Batting: RHB Edward Hillock 0-0: Ball
1-0: Foul Ball, location: 2F
1-1: Swinging Strike
1-2: Ball
2-2: Fly out, F8 (Flyball, 8LXD, EV 100.6 MPH)
Batting: LHB Mutsuo IIda 0-0: Swinging Strike
0-1: Foul Ball, location: 2F
0-2: Ball
1-2: Strikes out swinging
Bottom of the 4th over - 1 run, 1 hit, 0 errors, 0 left on base; Elizabethton 14 - Orem 3
TOP OF THE 5TH
Elizabethton Twins batting - Pitching for Orem Owlz : RHP Jon Shonka
Batting: RHB Alex Belton 0-0: Called Strike
0-1: Fly out, F5 (Popup, 5SF, EV 74.4 MPH)
Batting: SHB Nate Januchowski 0-0: Foul Ball, location: 2F
0-1: Ball
1-1: Ball
2-1: Called Strike
2-2: Foul Ball, location: 2F
2-2: Foul Ball, location: 2F
2-2: Ball
3-2: Foul Ball, location: 2F
3-2: Foul Ball, location: 2F
3-2: Ground out 3-1 (Groundball, 34S, EV 85.6 MPH)
Batting: RHB Andrew Nicol 0-0: Ball
1-0: Foul Ball, location: 2F
1-1: Foul Ball, location: 2F
1-2: Ground out 6-3 (Groundball, 6M, EV 99.4 MPH)
Top of the 5th over - 0 runs, 0 hits, 0 errors, 0 left on base; Elizabethton 14 - Orem 3
BOTTOM OF THE 5TH
Orem Owlz batting - Pitching for Elizabethton Twins : RHP Jon Hice
Batting: RHB Noah Pena 0-0: Ball
1-0: Called Strike
1-1: Foul Ball, location: 2F
1-2: Ball
2-2: Foul Ball, location: 2F
2-2: Fly out, F9 (Flyball, 89XD, EV 105.0 MPH)
Batting: RHB Nick Lombardo 0-0: Ball
1-0: Foul Ball, location: 2F
1-1: Ball
2-1: Ball
3-1: Base on Balls
Batting: RHB Dan Burkhart 0-0: Called Strike
0-1: Ball
1-1: Ball
Nick Lombardo steals 2nd base (no throw)
2-1: Foul Ball, location: 2F
2-2: Ground out 6-3 (Groundball, 6, EV 80.6 MPH)
Nick Lombardo to third
Batting: LHB Matthew Bale 0-0: Called Strike
0-1: Foul Ball, location: 2F
0-2: Ball
1-2: Ball
Passed Ball!
Nick Lombardo scores
2-2: Foul Ball, location: 2F
2-2: Strikes out swinging
Bottom of the 5th over - 1 run, 0 hits, 0 errors, 0 left on base; Elizabethton 14 - Orem 4
TOP OF THE 6TH
Elizabethton Twins batting - Pitching for Orem Owlz : RHP Jon Shonka
Batting: LHB David Campbell 0-0: Called Strike
0-1: Ball
1-1: Ball
2-1: Ball
3-1: Foul Ball, location: 2F
3-2: Base on Balls
Batting: SHB Dan Morataya 0-0: Ball
1-0: Fly out, F9 (Flyball, 9S, EV 97.5 MPH)
Batting: RHB Nick Phipps 0-0: Foul Ball, location: 2F
0-1: Foul Ball, location: 2F
0-2: Foul Ball, location: 2F
0-2: Ball
1-2: Foul Ball, location: 2F
1-2: Ball
Wild Pitch!
David Campbell to second
2-2: Ball
3-2: Fly out, F9 (Flyball, 89S, EV 89.4 MPH)
Batting: RHB Jose Gracia 0-0: Ground out 3-1 (Groundball, 34, EV 108.1 MPH)
Top of the 6th over - 0 runs, 0 hits, 0 errors, 1 left on base; Elizabethton 14 - Orem 4
BOTTOM OF THE 6TH
Orem Owlz batting - Pitching for Elizabethton Twins : RHP Jon Hice
Batting: RHB T.J. Gray 0-0: Ball
1-0: Ball
2-0: Ball
3-0: Called Strike
3-1: Base on Balls
Batting: LHB Dave Hicks 0-0: Called Strike
T.J. Gray steals 2nd base (no throw)
0-1: Ground out 4-3 (Groundball, 4, EV 81.9 MPH)
T.J. Gray to third
Batting: RHB Wilford Harper 0-0: Ball
1-0: Hit by Pitch
Batting: RHB Edward Hillock 0-0: Ball
1-0: Foul Ball, location: 2F
1-1: Swinging Strike
1-2: 3-RUN HOME RUN (Flyball, 7LD, EV 95.0 MPH), Distance : 347 ft
Pitching: LHP Stefano Traversoni
Batting: LHB Mutsuo IIda 0-0: Ground out 6-3 (Groundball, 6, EV 108.8 MPH)
Batting: RHB Noah Pena 0-0: Ball
1-0: Ground out 3-1 (Groundball, 34S, EV 81.9 MPH)
Bottom of the 6th over - 3 runs, 1 hit, 0 errors, 0 left on base; Elizabethton 14 - Orem 7
TOP OF THE 7TH
Elizabethton Twins batting - Pitching for Orem Owlz : RHP Jon Shonka
Pinch Hitting: RHB Miguel Cardona 0-0: SINGLE (Groundball, 6MD, EV 104.4 MPH)
Pinch Hitting: RHB Miguel Castella 0-0: Fielders Choice at 2nd, 1-6 (Groundball, 34S, EV 67.5 MPH)
Batting: RHB Alex Belton 0-0: Ball
1-0: Ball
2-0: Ball
3-0: Called Strike
3-1: Base on Balls
Miguel Castella to second
Pinch Hitting: RHB Keith Nix 0-0: Fly out, F8 (Line Drive, 8RD, EV 93.1 MPH)
Batting: RHB Andrew Nicol 0-0: Ball
1-0: Foul Ball, location: 2F
1-1: Ball
2-1: DOUBLE (Flyball, 8LXD, EV 91.9 MPH)
Miguel Castella scores
Alex Belton to third
Runner from 3rd tries for Home, SAFE, no throw by CF
Batting: LHB David Campbell 0-0: Called Strike
0-1: Ball
1-1: DOUBLE (Line Drive, 8RXD, EV 103.8 MPH)
Andrew Nicol scores
Pitching: RHP Dean LeCroy
Batting: SHB Dan Morataya 0-0: Ground out 4-3 (Groundball, 34D, EV 100.0 MPH)
Top of the 7th over - 3 runs, 3 hits, 0 errors, 1 left on base; Elizabethton 17 - Orem 7
BOTTOM OF THE 7TH
Orem Owlz batting - Pitching for Elizabethton Twins : LHP Stefano Traversoni
Now at C: Keith Nix
Now at 1B: Noah Davies
Now in LF: Miguel Castella
Batting: RHB Nick Lombardo 0-0: Foul Ball, location: 2F
0-1: Ground out 6-3 (Groundball, 6, EV 90.0 MPH)
Batting: RHB Dan Burkhart 0-0: Ball
1-0: Ball
2-0: Ball
3-0: Called Strike
3-1: Base on Balls
Batting: LHB Matthew Bale 0-0: Ball
1-0: Foul Ball, location: 2F
1-1: Ball
2-1: Foul Ball, location: 2F
2-2: Strikes out swinging
Batting: RHB T.J. Gray 0-0: Ball
1-0: Ball
2-0: Called Strike
2-1: Ball
Wild Pitch!
Dan Burkhart to second
3-1: Fly out, F9 (Flyball, 9, EV 84.4 MPH)
Bottom of the 7th over - 0 runs, 0 hits, 0 errors, 1 left on base; Elizabethton 17 - Orem 7
TOP OF THE 8TH
Elizabethton Twins batting - Pitching for Orem Owlz : RHP Dean LeCroy
Batting: RHB Nick Phipps 0-0: Ball
1-0: Called Strike
1-1: Ball
2-1: Swinging Strike
2-2: Strikes out looking
Batting: RHB Jose Gracia 0-0: Ball
1-0: Ball
2-0: Fly out, F8 (Flyball, 89XD, EV 104.4 MPH)
Pinch Hitting: LHB Jiong Shui 0-0: Ball
1-0: Ball
2-0: Ground out U3 (Groundball, 3L, EV 76.9 MPH)
Top of the 8th over - 0 runs, 0 hits, 0 errors, 0 left on base; Elizabethton 17 - Orem 7
BOTTOM OF THE 8TH
Orem Owlz batting - Pitching for Elizabethton Twins : LHP Stefano Traversoni
Now at 1B: Jiong Shui
Batting: LHB Dave Hicks 0-0: Foul Ball, location: 2F
0-1: Ball
1-1: Foul Ball, location: 2F
1-2: Strikes out swinging
Batting: RHB Wilford Harper 0-0: Ball
1-0: Called Strike
1-1: Ball
2-1: Called Strike
2-2: Strikes out swinging
Batting: RHB Edward Hillock 0-0: Ball
1-0: Called Strike
1-1: Swinging Strike
1-2: Ball
2-2: Strikes out looking
Bottom of the 8th over - 0 runs, 0 hits, 0 errors, 0 left on base; Elizabethton 17 - Orem 7
TOP OF THE 9TH
Elizabethton Twins batting - Pitching for Orem Owlz : RHP Dean LeCroy
Pinch Hitting: SHB Chris Hull 0-0: Ball
1-0: Ball
2-0: Ball
3-0: Called Strike
3-1: Base on Balls
Batting: RHB Alex Belton 0-0: Called Strike
0-1: Ball
1-1: Ball
2-1: Called Strike
2-2: Foul Ball, location: 2F
2-2: DOUBLE (Groundball, 3L, EV 110.6 MPH)
Chris Hull to third
Batting: RHB Keith Nix 0-0: Ball
1-0: Ball
2-0: Foul Ball, location: 2F
2-1: Foul Ball, location: 2F
2-2: Ball
3-2: Base on Balls
Batting: RHB Andrew Nicol 0-0: Called Strike
0-1: SINGLE (Groundball, 56D, EV 97.5 MPH)
Chris Hull scores
Alex Belton to third
Keith Nix to second
Batting: LHB David Campbell 0-0: Called Strike
0-1: Fielders Choice at 2nd, 4-6 (Groundball, 4, EV 101.9 MPH)
Alex Belton scores
Keith Nix to third
Batting: SHB Dan Morataya Pickoff Throw to First - Out! 1-3
0-0: Foul Ball, location: 2F
0-1: Called Strike
0-2: Strikes out swinging
Top of the 9th over - 2 runs, 2 hits, 0 errors, 1 left on base; Elizabethton 19 - Orem 7
BOTTOM OF THE 9TH
Orem Owlz batting - Pitching for Elizabethton Twins : LHP Stefano Traversoni
Now in LF: John Giffin
Batting: LHB Mutsuo IIda 0-0: Ball
1-0: Fly out, F7 (Flyball, 7, EV 84.4 MPH)
Batting: RHB Noah Pena 0-0: Ball
1-0: Foul Ball, location: 2F
1-1: Swinging Strike
1-2: Ball
2-2: Foul Ball, location: 2F
2-2: Foul Ball, location: 2F
2-2: Ball
3-2: Base on Balls
Batting: RHB Nick Lombardo 0-0: Ball
1-0: Fly out, F9 (Flyball, 89S, EV 86.9 MPH)
Batting: RHB Dan Burkhart 0-0: Foul Ball, location: 2F
0-1: Ball
1-1: Ball
2-1: SINGLE (Groundball, 25, EV 67.5 MPH) (infield hit)
Noah Pena to second
Batting: LHB Matthew Bale 0-0: Ground out 6-3 (Groundball, 6S, EV 63.8 MPH)
Bottom of the 9th over - 0 runs, 1 hit, 0 errors, 2 left on base; Elizabethton 19 - Orem 7
Wednesday, June 22nd , 2022 - OOTP Baseball 23.4 Build 64